 Dungeon Crawl Stone Soup version 0.18-a0-1292-ge8ad84c (webtiles) character file.

28 ezio133798 the Grave Robber (level 3, -11/19 HPs)
             Began as a Deep Elf Necromancer on Feb 9, 2016.
             Was a Follower of Okawaru.
             Mangled by a gnoll
             ... wielding a +0 halberd
              (15 damage)
             ... on level 2 of the Dungeon.
             The game lasted 00:09:20 (1192 turns).

ezio133798 the Grave Robber (Deep Elf Necromancer)  Turns: 1192, Time: 00:09:22

Health: -11/19     AC:  3    Str:  5    XL:     3   Next: 0%
Magic:  3/10       EV: 18    Int: 20    God:    Okawaru [*.....]
Gold:   102        SH:  0    Dex: 20    Spells: 1 memorised, 8 levels left

rFire  . . .     SeeInvis .     m - +0 scimitar
rCold  . . .     Gourm    .     a - +0 robe
rNeg   . . .     Faith    .     (no shield)
rPois  .         Spirit   .     (no helmet)
rElec  .         Dismiss  .     (no cloak)
rCorr  .         Reflect  .     (no gloves)
SustAt .         Harm     .     p - +0 pair of boots
MR     .....                    (no amulet)
Stlth  +++.......               (no ring)
                                (no ring)

@: agile, not resistant to hostile enchantments, fairly stealthy
A: no striking features
a: Heroism, Renounce Religion


You were on level 2 of the Dungeon.
You worshipped Okawaru.
Okawaru was aware of your devotion.
You were full.

You visited 1 branch of the dungeon, and saw 2 of its levels.

You collected 102 gold pieces.

Inventory:

Hand Weapons
 h - a +0 dagger
 m - a +0 scimitar (weapon)
Missiles
 e - 4 needles of slowing
Armour
 a - a +0 robe (worn)
 d - a +0 plate armour
 p - a +0 pair of boots (worn)
Scrolls
 f - a scroll of amnesia {unknown}
 j - a scroll of noise {unknown}
 n - a scroll of remove curse {unknown}
Potions
 i - a potion of might {unknown}
 o - a potion of lignification {unknown}
Books
 b - a book of Necromancy

   Spells                             Type                      Level
   a - Pain                           Necromancy                   1
   b - Animate Skeleton               Necromancy                   1
   c - Vampiric Draining              Necromancy                   3
   d - Regeneration                   Charms/Necromancy            3
   e - Animate Dead                   Necromancy                   4
   f - Control Undead                 Necromancy                   4
Comestibles
 c - 2 bread rations
 l - 2 beef jerkies
 q - 2 fruits


   Skills:
 + Level 2.6 Dodging
 + Level 2.6 Stealth
 + Level 3.6 Spellcasting
 + Level 5.4 Necromancy


You had 8 spell levels left.
You knew the following spells:

 Your Spells              Type           Power        Failure   Level  Hunger
a - Pain                  Necr           ####         1%          1    None


Dungeon Overview and Level Annotations

Branches:
Dungeon (2/15)

Altars:
Okawaru


Message History

Aim: a gnoll, wielding a halberd (severely wounded, chance to defeat MR: 88%)
The gnoll convulses in agony!
The gnoll misses you. The gnoll barely misses you. The gnoll hits you!
* * * LOW HITPOINT WARNING * * *
Casting: Pain
Confirm with . or Enter, or press ? or * to list all spells.
Aiming: Pain
Press: ? - help, Shift-Dir - straight line, f - gnoll, p - gnoll
Aim: a gnoll (almost dead, chance to defeat MR: 88%)
The gnoll convulses in agony!
You kill the gnoll!
Okawaru accepts your kill.
You have reached level 3!
Your experience leads to an increase in your attributes!
Your base attributes are Str 5, Int 19, Dex 15.
Increase (S)trength, (I)ntelligence, or (D)exterity?
You feel clever.
The gnoll hits you from afar with a halberd!
Ouch! That really hurt!
You die...

########
#................#.....
#......#
#.######.......##.#.##.
#.####.# #.#
#.......####.#.. #.# #.#
#.# #....)..# #.... #.#
#.####.# ####.#### #....
#.# #......# #.## ##...
#.# ######## #####.#.#
#... #.# #.......# #...
#.# #@#.##..#######...
#.#
.....g.###.#..#.........
#.## .....g#
##............. #..#
...... ##..............
##.# .....
#.#.....<######... #.#
..... #........# #...
#.# #### ##.##.##.# #...
#.########
#.......######...
#........#
####.####.......(


You could see 2 gnolls.

Vanquished Creatures
  A gnoll (D:2)
  A worm (D:2)
  A giant gecko (D:2)
  4 goblins (D:1)
  A hobgoblin (D:1)
  4 kobolds
  3 bats
  2 giant newts (D:1)
17 creatures vanquished.

Notes
Turn   | Place    | Note
--------------------------------------------------------------
     0 | D:1      | ezio133798 the Deep Elf Necromancer began the quest for the Orb.
     0 | D:1      | Reached XP level 1. HP: 10/10 MP: 6/6
   156 | D:1      | Reached skill level 5 in Necromancy
   546 | D:1      | Reached XP level 2. HP: 15/15 MP: 6/8
   683 | D:2      | Found a faded altar to an unknown god.
   689 | D:2      | Became a worshipper of Warmaster Okawaru
   689 | D:2      | Reached * piety under Okawaru
  1192 | D:2      | Reached XP level 3. HP: 5/19 MP: 3/10
  1192 | D:2      | Mangled by a gnoll

Vault maps used:
D:1:      evilmike_arrival_plus, st_stairs_3, minmay_misc_feat_tower,
          minivault_26
D:2:      grunt_dithmenos_smoke, ecumenical_altar_1,
          corexii_item_surrounded_by_moat, uniq_terence

Action                   || total
-------------------------++-------
Melee: Scimitar          ||     4
 Cast: Pain              ||    27
  Use: Scroll            ||     1
       Potion            ||     1
  Eat: Meat ration       ||     1
